AoeStats
← A. Government

Arabia

509601949Analyzed
1v1 RM · 6d ago on Sep 27, 2026· 46m 25s· 2 players
Game mode
Random Map
Map size
Tiny (2 player)
Population
200
Speed
Normal
Resources
Standard
Victory
Conquest
Starting age
Dark Age
Ending age
Imperial Age
RankedLock teamsTeams togetherTeam positionsShared explorationLock speedFull tech treeHidden civsTurbo modeCheats
Victory
Defeat
🇩🇪 Varangians · Germany
1008
+15
🇵🇪 Spanish · Peru
985
-15
MERCA
10:15 Feudal Age
10:57 Man-at-Arms
13:01 Arson
19:44 Horse Collar
20:41 Padded Archer Armor
20:33 Fletching
25:35 Castle Age
25:17 Double-Bit Axe
28:48 Scale Barding Armor
29:02 Leather Archer Armor
29:08 Bow Saw
29:00 Heavy Plow
29:01 Gold Mining
35:50 Bodkin Arrow
39:22 Imperial Age
38:17 Scale Barding Armor
40:26 Ballistics
44:17 Elite Skirmisher
A. Government
6:37 Loom
9:26 Feudal Age
15:40 Double-Bit Axe
16:53 Fletching
18:38 Padded Archer Armor
23:57 Castle Age
22:26 Horse Collar
24:20 Bloodlines
24:17 Scale Barding Armor
25:09 Husbandry
25:05 Gold Mining
27:11 Town Watch
29:28 Bodkin Arrow
30:06 Bow Saw
30:32 Heavy Plow
32:33 Ballistics
35:59 Leather Archer Armor
39:10 Imperial Age
37:29 Guard Tower
39:03 Chain Barding Armor
38:58 Masonry
38:45 Murder Holes
39:56 Bracer
40:29 Ring Archer Armor
41:19 Siege Engineers
40:41 Cranequins
43:17 Two-Man Saw
43:34 Chemistry
45:21 Plate Barding Armor
46:56 Conscription
47:08 Forging
Connection lost

Rejoining the realm…

Still unreachable

The connection could not be restored.

Session expired

The server has moved on; the page needs a fresh start.